 Dungeon Crawl Stone Soup version 0.26-a0-667-g92642533e4 (webtiles) character file.

Game seed: 868997815045035956

125 Chiseanne the Covert (level 4, 0/23 HPs)
             Began as a Spriggan Delver on Oct 18, 2020.
             Succumbed to an adder's poison
             ... on level 5 of the Dungeon.
             The game lasted 00:00:54 (102 turns).

Chiseanne the Covert (Spriggan Delver)               Turns: 102, Time: 00:00:54

Health: 0/23       AC:  2    Str:  8    XL:     4   Next: 82%
Magic:  5/5        EV: 20    Int: 11    God:
Gold:   9          SH:  0    Dex: 18    Spells: 3/3 levels left

rFire    . . .     SeeInvis +   a - +0 short sword
rCold    . . .     Faith    .   (shield restricted)
rNeg     . . .     Spirit   .   b - +0 robe
rPois    .         Reflect  .   (helmet restricted)
rElec    .         Harm     .   (no cloak)
rCorr    .         Rampage  .   (gloves unavailable)
MR       .....                  (boots unavailable)
Stlth    ++++......             (no amulet)
HPRegen  0.07/turn              (no ring)
MPRegen  0.09/turn              (no ring)

@: lethally poisoned (0 -> -5), hasted, very quick
A: very small, unfitting armour, see invisible, speed 3
a: no special abilities


You were on level 5 of the Dungeon.
You visited 1 branch of the dungeon, and saw 1 of its levels.

You collected 9 gold pieces.

Inventory:

Hand Weapons
 a - a +0 short sword (weapon)
Armour
 b - a +0 robe (worn)
Jewellery
 h - an uncursed ring of flight {unknown}
Wands
 g - a wand of digging (3)
Scrolls
 c - a scroll of fog
 d - a scroll of magic mapping
 e - a scroll of fear
 f - a scroll of remove curse {unknown}
Miscellaneous
 i - a phial of floods (inert)


   Skills:
 - Level 2.4 Fighting
 + Level 3.3 Short Blades
 + Level 4.4 Dodging
 * Level 9.0 Stealth


You had 3 spell levels left.
You didn't know any spells.
Your spell library was empty.

Dungeon Overview and Level Annotations

Branches:
Dungeon (5/15)
 Temple: D:4-7

Altars:


Innate Abilities, Weirdness & Mutations

You are very small and have problems with some larger weapons.
You are too small for most types of armour.
You have supernaturally acute eyesight. (SInv)
You cover ground extremely quickly.


Message History

You hear an angry hiss. x2; You hear a shout!
The adder hisses angrily.
The orc barely misses you. The adder bites you.
* * * LOW HITPOINT WARNING * * *
You are lethally poisoned!
The adder poisons you!
* * * LOW HITPOINT WARNING * * *
You feel sick.
There is an open door here.
* * * LOW HITPOINT WARNING * * *
You feel sick. The worm misses you.
You close the door.
You feel yourself speed up.
* * * LOW HITPOINT WARNING * * *
You feel sick.
An orc opens the door.
The orc is no longer waterlogged.
You see here a scroll labeled ESTRUO LOLU.
f - a scroll labeled ESTRUO LOLU You die...

##.##.....##.## ##..
#.#.......#.####...
#o'.......#.'..#...
#w#≈......#.##....#
##.##≈....##.#####..
##.S.##≈..##...##
##.
#.....#####.....# ##
#...............#
#...@.#####†....#
##...## ##.).##
##### #####


You could see a worm, an adder and an orc.

Vanquished Creatures
  A sky beast (D:5)
  A worker ant (D:5)
  An adder (D:5)
3 creatures vanquished.

Notes
Turn   | Place    | Note
-------+----------+-------------------------------------------
     0 | D:5      | Chiseanne the Spriggan Delver began the quest for the Orb.
     0 | D:5      | Reached XP level 1. HP: 11/11 MP: 2/2
    29 | D:5      | Reached XP level 2. HP: 16/16 MP: 3/3
    34 | D:5      | Noticed a sky beast
    40 | D:5      | Reached skill level 8 in Stealth
    40 | D:5      | Reached XP level 3. HP: 19/19 MP: 4/4
    42 | D:5      | Noticed an ogre
    85 | D:5      | Killed a sky beast
    85 | D:5      | Reached skill level 9 in Stealth
    85 | D:5      | Reached XP level 4. HP: 6/23 MP: 5/5
    95 | D:5      | HP: 1/23 [poisoned by an adder]
   102 | D:5      | Succumbed to an adder's poison

Illustrated notes

Levels and vault maps discovered:
D:5:      minmay_octagon_keep, layout_basic, grunt_decor_mini_mirrors

Skill      XL: |  1  2  3 |
---------------+----------+-----
Stealth        | 8 9 |  9.0
Short Blades   | 3 |  3.3
Dodging        | 4 |  4.4
Fighting       | |  2.4

Action                   |  1- 3 |  4- 6 || total
-------------------------+-------+-------++-------
Melee: Short sword       |     9 |       ||     9
Evoke: Phial of floods   |       |     1 ||     1
  Use: Scroll            |     1 |       ||     1
       Potion            |       |     1 ||     1
 Stab: Sleeping          |     3 |       ||     3
Dodge: Dodged            |     6 |     2 ||     8

Table legend: (Time is in decaauts)
 A = Elapsed time spent in this place.
 B = Non-inter-level travel time spent in this place.
 C = Inter-level travel time spent in this place.
 D = Time resting spent in this place.
 E = Time spent auto-exploring this place.
 F = Levels seen in this place.
 G = Mean time per level.
                   A        B        C        D        E       F      G
               +--------+--------+--------+--------+--------+-----+--------+
         Total |     67 |     67 |      0 |      0 |      0 |   1 |   67.0 |
       Dungeon |     67 |     67 |      0 |      0 |      0 |   1 |   67.0 |
               +--------+--------+--------+--------+--------+-----+--------+

Top non-repeatable levels by time:
     D:5: 67 daAuts
